 Dungeon Crawl Stone Soup version 0.23.0 (webtiles) character file.

Game seed: 12080225799638600214

85 YuikonoTournament the Distorting Demonspawn (level 4, -1/37 HPs)
             Began as a Demonspawn Abyssal Knight on Feb 11, 2019.
             Was a Believer of Lugonu.
             Slain by Sigmund
             ... wielding a +0 scythe
              (2 damage)
             ... on level 2 of the Dungeon.
             The game lasted 00:04:32 (2441 turns).

YuikonoTournament the Distorting Demonspawn (DsAK)  Turns: 2441, Time: 00:04:33

Health: -1/37      AC:  4    Str: 13    XL:     4   Next: 25%
Magic:  0/6        EV: 11    Int: 13    God:    Lugonu [**....]
Gold:   106        SH:  0    Dex: 13    Spells: 3/3 levels left

rFire    + . .     SeeInvis .   a - +1 falchion
rCold    + . .     Gourm    .   (no shield)
rNeg     . . .     Faith    .   b - +0 leather armour
rPois    +         Spirit   +   (no helmet)
rElec    +         Reflect  .   m - +0 cloak
rCorr    +         Harm     .   (no gloves)
MR       .....                  (no boots)
Stlth    +.........             (no amulet)
HPRegen  0.12/turn              q - ring of wizardry
MPRegen  0.10/turn              (no ring)

@: confused, resistant
A: magic shield, sturdy frame 1
a: Depart the Abyss, Bend Space, Renounce Religion


You were on level 2 of the Dungeon.
You worshipped Lugonu.
Lugonu was pleased with you.
You were not hungry.

You visited 1 branch of the dungeon, and saw 2 of its levels.
You visited the Abyss 1 time.

You collected 106 gold pieces.

Inventory:

Hand Weapons
 a - a +1 falchion (weapon)
Missiles
 f - 66 stones (quivered)
Armour
 b - a +0 leather armour (worn)
 m - a +0 cloak (worn)
Jewellery
 q - a ring of wizardry (left hand)
Wands
 k - a wand of flame (15)
Scrolls
 d - 2 scrolls of noise {unknown}
 g - 2 scrolls of enchant weapon {unknown}
 h - a scroll of amnesia {unknown}
 i - a scroll of identify {unknown}
 j - a scroll of fear {unknown}
 p - 2 scrolls of remove curse {unknown}
Potions
 n - a potion of heal wounds
Comestibles
 c - 3 rations


   Skills:
 + Level 3.8 Fighting
 + Level 2.7 Long Blades
 - Level 1.7 Armour
 - Level 0.8 Dodging
 + Level 3.9 Invocations


You had 3 spell levels left.
You didn't know any spells.
Your spell library was empty.

Dungeon Overview and Level Annotations

Branches:
Dungeon (2/15)

Altars:
Sif Muna
Zin

Annotations:
D:2 Sigmund


Innate Abilities, Weirdness & Mutations

When hurt, damage is shared between your health and your magic reserves.
Your movements are slightly less encumbered by armour. (ER -2)


Message History

You bump into the rock wall.
It was a potion of curing.
You feel better.
You are confused.
You bump into the rock wall.
Something hits you! Something hits you.
You bump into the rock wall.
You feel less confused.
You hear some strange, mumbled words.
A magic dart appears from out of thin air!
The magic dart hits you. Something hits you!
* * * LOW HITPOINT WARNING * * *
Space bends around you!
You blink.
You hear some strange, mumbled words.
You are confused.
Okay, then.
Something hits you!
* * * LOW HITPOINT WARNING * * *
Something hits you.
You die...

#.##.. #.##.. #.####
#### ### #.# .... ..#
#.# ###.####.# #.# #.
##.....##.# #.#
#..#.......#.# #.#
#..#).....@#.# #.#
......_.....# #.#
.#.......#{# #.#
#.......#w#########.#
##..?..##...........#
..####.####.###########
#.......w...........
#.............######
###############


You could see a worm.

Vanquished Creatures
  An adder (D:2)
  An adder skeleton (D:2)
  A worm (D:2)
  2 dart slugs
  4 leopard geckos
  2 ball pythons
  2 giant cockroaches (D:2)
  8 goblins
  7 hobgoblins
  8 jackals
  6 kobolds
  5 bats (D:1)
  6 frilled lizards
  5 rats
58 creatures vanquished.

Notes
Turn   | Place    | Note
-------+----------+-------------------------------------------
     0 | Abyss:1  | YuikonoTournament the Demonspawn Abyssal Knight began the
                  | quest for the Orb.
     0 | Abyss:1  | Reached XP level 1. HP: 18/18 MP: 2/2
     5 | Abyss:1  | Found a corrupted altar of Lugonu.
    10 | D:1      | Escaped the Abyss
    93 | D:1      | Gained mutation: Your movements are slightly less
                  | encumbered by armour. (ER -2) [demonic ancestry]
    93 | D:1      | Reached XP level 2. HP: 15/24 MP: 4/4
   875 | D:1      | Reached ** piety under Lugonu
   875 | D:1      | Gained mutation: When hurt, damage is shared between your
                  | health and your magic reserves. [demonic ancestry]
   875 | D:1      | Reached XP level 3. HP: 29/29 MP: 5/5
  1667 | D:2      | Reached XP level 4. HP: 19/37 MP: 2/6
  2072 | D:2      | Found a deep blue altar of Sif Muna.
  2404 | D:2      | Found a glowing silver altar of Zin.
  2407 | D:2      | Noticed Sigmund
  2439 | D:2      | HP: 1/37 [something (6)]
  2441 | D:2      | Slain by Sigmund

Skill      XL: |  1  2 |
---------------+-------+-----
Long Blades    | 2 |  2.7
Invocations    | 3 |  3.9
Fighting       | |  3.8
Armour         | |  1.7
Dodging        | |  0.8

Action                   |  1- 3 |  4- 6 || total
-------------------------+-------+-------++-------
Melee: Falchion          |   134 |    40 ||   174
Throw: Stone             |     2 |       ||     2
Invok: Bend Space        |     3 |     1 ||     4
  Use: Potion            |       |     3 ||     3
 Stab: Sleeping          |     1 |       ||     1
  Eat: Chunk             |     2 |     3 ||     5
Armor: Leather armour    |    52 |     5 ||    57
Dodge: Dodged            |   106 |    20 ||   126
       Rpst.: Falchion   |    36 |     6 ||    42
